 Dungeon Crawl Stone Soup version 0.31.0-32-g396128a36d (webtiles) character file.

Game seed: 2700933251058899167

4151 PaiMei the Scholar of Death (level 10, -8/77 (79) HPs)
             Began as a Demonspawn Necromancer on Apr 17, 2024.
             Was a Follower of Kikubaaqudgha.
             Killed from afar by a wretched star (27 damage)
             ... with a lance of force
             ... on level 2 of the Abyss.
             The game lasted 00:20:29 (13582 turns).

PaiMei the Scholar of Death (DsNe)                 Turns: 13582, Time: 00:20:29

HP:   -8/77 (79)    AC: 10    Str:  7    XL:     10   Next: 7%
MP:   7/20          EV: 18    Int: 20    God:    Kikubaaqudgha [*.....]
Gold: 477           SH:  0    Dex: 14    Spells: 19/23 levels left

rFire   . . .        O - +3 trident (drain)
rCold   + . .        (no shield)
rNeg    + + .        d - +2 leather armour {rC+}
rPois   +            A - +2 hood of the Assassin {Detect Stab+ Stlth++}
rElec   .            B - +2 ratskin cloak {*Rats rPois rN+ Str-1 Int-1 Dex+1}
rCorr   .            (no gloves)
SInv    .            (no boots)
Will    .....        (no amulet)
Stlth   ++++         h - ring of positive energy
HPRegen 0.32/turn    G - ring of wizardry
MPRegen 0.17/turn

%: repel missiles, wizardry (x1)
@: lightly drained
A: repulsion field 3, demonic guardian 1, powered by death 1, weakness stinger 1
a: Renounce Religion, Unearth Wretches


You were on level 2 of the Abyss.
You worshipped Kikubaaqudgha.
Kikubaaqudgha was aware of your devotion.
You visited 2 branches of the dungeon, and saw 9 of its levels.
You visited the Abyss 1 time.

You collected 477 gold pieces.

Inventory:

Hand Weapons
 s - a +0 hand axe of freezing
 K - a +1 rapier of venom
 M - a +5 long sword
 O - a +3 trident of draining (weapon)
Missiles
 w - 4 atropa-tipped darts
 C - 22 poisoned darts
Armour
 d - a +2 leather armour of cold resistance (worn)
 e - a +2 robe of fire resistance
 r - a +2 helmet
 y - the +9 plate armour of the Forging Gods {^Drain rElec rF+}
   (You took it off a hobgoblin on level 4 of the Dungeon)

   rF+:       It protects you from fire.
   rElec:     It insulates you from electricity.
   ^Drain:    It drains your maximum health when unequipped.
 A - the +2 hood of the Assassin (worn) {Detect Stab+ Stlth++}
   (You found it on level 4 of the Dungeon)

   Detect:    It allows the wearer to sense nearby creatures.
   Stab+:     It allows the wearer to make particularly effective stabbing
   attacks against helpless or unaware enemies with any weapon.
   Stlth++:   It makes you much more stealthy.
 B - the +2 ratskin cloak (worn) {*Rats rPois rN+ Str-1 Int-1 Dex+1}
   (You found it on level 4 of the Dungeon)

   *Rats:     When the wearer is hurt, rats may emerge from it to assist them.
   Str-1:     It affects your strength (-1).
   Int-1:     It affects your intelligence (-1).
   Dex+1:     It affects your dexterity (+1).
   rPois:     It protects you from poison rN+: It protects you from negative
   energy.
 P - an orb of guile
Jewellery
 h - a ring of positive energy (left hand)
 G - a ring of wizardry (right hand)
Wands
 x - a wand of flame (8)
 I - a wand of digging (9)
 L - a wand of mindburst (27)
 N - a wand of charming (6)
Scrolls
 a - 9 scrolls of identify {unknown}
 c - a scroll of fear {unknown}
 f - 3 scrolls of enchant weapon {unknown}
 j - a scroll of blinking {unknown}
 k - 2 scrolls of vulnerability {unknown}
 m - 2 scrolls of noise {unknown}
 p - a scroll of torment {unknown}
 t - a scroll of immolation {unknown}
 u - a scroll of teleportation {unknown}
 v - a scroll of fog {unknown}
 F - a scroll of acquirement {unknown}
 H - 2 scrolls of poison {unknown}
Potions
 b - 2 potions of magic
 g - a potion of cancellation {unknown}
 i - 2 potions of enlightenment {unknown}
 l - a potion of degeneration {unknown}
 n - 2 potions of might {unknown}
 o - a potion of mutation {unknown}
 q - a potion of heal wounds {unknown}
 z - a potion of lignification {unknown}
 D - 3 potions of curing {unknown}
 E - a potion of brilliance {unknown}
 J - a potion of invisibility {unknown}
 Q - 2 potions of attraction {unknown}


   Skills:
 + Level 7.1 Fighting
 + Level 6.9 Dodging
 - Level 2.0 Stealth
 + Level 7.0 Spellcasting
 + Level 9.2 Necromancy


You had 19 spell levels left.
You knew the following spells:

 Your Spells              Type           Power      Damage    Failure   Level
a - Necrotise             Necr           100%       1d9       1%          1
b - Vampiric Draining     Necr           43%        2d9       1%          3

Your spell library contained the following spells:

 Spells                   Type           Power      Damage    Failure   Level
 Sublimation of Blood     Necr           43%        N/A       1%          2
 Fugue of the Fallen      Necr           43%        N/A       1%          3
 Animate Dead             Necr           43%        N/A       1%          4
 Cigotuvi's Dreadful Rot  Necr/Alch/Air  38%        N/A       2%          2
 Curse of Agony           Necr           43%        N/A       3%          5
 Apportation              Tloc           14%        N/A       6%          1
 Sandblast                Erth           14%        2d6       6%          1
 Sting                    Conj/Alch      28%        1d4       6%          1
 Summon Small Mammal      Summ           28%        N/A       6%          1
 Passwall                 Erth           7%         N/A       16%         3
 Stone Arrow              Conj/Erth      14%        3d7       16%         3
 Borgnjor's Vile Clutch   Necr/Erth      12%        N/A       24%         5
 Animate Armour           Summ/Erth      14%        N/A       45%         4
 Brom's Barrelling Bould  Conj/Erth      7%         2d3       45%         4
 Manifold Assault         Tloc           7%         N/A       45%         4
 Petrify                  Alch/Erth      7%         N/A       45%         4
 Alistair's Intoxication  Alch           4%         N/A       80%         5
 Irradiate                Conj/Alch      3%         3d12      80%         5
 Dispersal                Tloc           3%         N/A       100%        6
 Eringya's Noxious Bog    Alch           3%         4d6       100%        6
 Disjunction              Tloc           3%         N/A       100%        8
 Lehudib's Crystal Spear  Conj/Erth      3%         10d3      100%        8


Dungeon Overview and Level Annotations

Branches:
Dungeon (8/15)             Temple (1/1) D:6
   Lair: D:8-11

Altars:
Ashenzari
Cheibriados
Dithmenos
Fedhas
Gozag
Hepliaklqana
Kikubaaqudgha
Makhleb
Nemelex Xobeh
Okawaru
Qazlal
Ru
Sif Muna
Trog
Uskayaw
Vehumet
Wu Jian
Xom
Yredelemnul

Shops:
D:2 (   D:6 **

Annotations:
D:8 Psyche


Innate Abilities, Weirdness & Mutations

You are surrounded by a strong repulsion field. (EV +4, RMsl)
A weak demonic guardian rushes to your aid.
You regenerate a little health from kills.
You have a small tail.


Message History

The wight completely misses you.
You barely miss the wight.
Your tail-slap misses the wight.
The wight is almost destroyed.
The wight hits you but does no damage. Space warps around you.
The wight hits you with a +0 dagger of distortion.
You partially resist.
You feel drained.
You are cast into the Abyss!
This branch contains the abyssal rune of Zot.
You hear a chilling moan.
A small abomination comes into view.
Something hits you!!
You feel your power leaking away.
Deactivating autopickup; reactivate with Ctrl-A.
Something barely misses you. Something hits you!!
* * * LOW HITPOINT WARNING * * *
A hell rat scurries out from under your cloak.
A demonic guardian appears!
You feel your power leaking away.
You swap places.
The small abomination closely misses your quasit.
Your quasit barely misses the small abomination.
Your quasit claws the small abomination but does no damage. x2
Something hits your hell rat!!
Your hell rat dies!
Something hits your quasit!!
Your quasit dies!
Your quasit disappears in a puff of smoke!
A chaos spawn comes into view.
A hellwing comes into view.
There is an open door here.
You are suddenly pulled into a different region of the Abyss!
A wretched star comes into view.
An ancient zyme comes into view.
You feel yourself growing ill in the presence of the ancient zyme.
Found a gateway leading deeper into the Abyss.
The wretched star glows turbulently.
The lance of force hits you!!
You die...
Kikubaaqudgha rasps: "You have failed me!
Welcome... death!"

# # .## .## ###.
.###...###...###...
.#.....#.....#.....#....
. ...##......##......#
......##......##......##
........................
...... .............x...
.......................
................@.......
.. ...........*.........
. ...................>.
......##......##......##
..##..##..##..##..##..#
........................
........................
.##..##..##..##..##. ##


You could see a wretched star and an ancient zyme (wandering).

Vanquished Creatures
  Maggie (D:7)
  Jeremiah (D:7)
  4 yaks (D:8)
  A steam dragon (D:8)
  A water moccasin (D:6)
  A sky beast (D:7)
  An ice beast (D:5)
  An ogre (D:5)
  A centaur (D:6)
  A phantom (D:5)
  A kobold brigand (D:8)
  A bullfrog (D:7)
  5 scorpions
  6 wights
  9 killer bees
  A bombardier beetle (D:7)
  A centaur zombie (D:8)
  6 hounds
  2 orc priests
  2 sleepcaps
  4 iguanas
  3 orc wizards
  A howler monkey zombie (D:8)
  3 gnolls (D:2)
  17 adders
  2 shadow imps (D:6)
  4 dart slugs
  2 ribbon worms
  22 orcs
  8 endoplasms
  2 giant cockroaches
  6 goblins
  7 hobgoblins
  4 jackals (D:4)
  2 quokkas
  7 ball pythons
  4 bats
  6 frilled lizards
  7 kobolds
  3 rats
161 creatures vanquished.

Vanquished Creatures (collateral kills)
  A water moccasin (D:7)
  An ice beast (D:5)
  A wight (D:8)
  3 killer bees (D:8)
  A sleepcap (D:4)
  An adder (D:6)
  A white imp (D:6)
  An orc (D:5)
  A giant cockroach (D:1)
  A goblin (D:2)
  A hobgoblin (D:1)
13 creatures vanquished.

Grand Total: 174 creatures vanquished

Notes
Turn   | Place    | Note
-------+----------+-------------------------------------------
     0 | D:1      | PaiMei the Demonspawn Necromancer began the quest for the
                  | Orb.
     0 | D:1      | Reached XP level 1. HP: 13/13 MP: 3/3
   245 | D:1      | Gained mutation: You are surrounded by a mild repulsion
                  | field. (EV +2) [demonic ancestry]
   245 | D:1      | Reached XP level 2. HP: 19/19 MP: 1/5
   927 | D:2      | Reached XP level 3. HP: 25/25 MP: 0/6
   931 | D:2      | Learned a level 3 spell: Vampiric Draining
  1190 | D:2      | Reached skill level 1 in Fighting
  1466 | D:2      | Found a faded altar of an unknown god.
  1948 | D:2      | Gained mutation: You have a small tail. [demonic ancestry]
  1948 | D:2      | Reached XP level 4. HP: 32/32 MP: 2/7
  2204 | D:2      | Found Sogi's Weapon Emporium.
  2408 | D:2      | Reached skill level 5 in Necromancy
  2867 | D:3      | Noticed a scorpion
  2891 | D:3      | Killed a scorpion
  2892 | D:3      | Gained mutation: A weak demonic guardian rushes to your
                  | aid. [demonic ancestry]
  2892 | D:3      | Reached XP level 5. HP: 35/38 MP: 0/9
  4180 | D:4      | Reached XP level 6. HP: 46/46 MP: 3/11
  4358 | D:4      | Found the +2 ratskin cloak {*Rats rPois rN+ Str-1 Int-1
                  | Dex+1}
  4438 | D:4      | Found the +2 hood of the Assassin {Detect Stab+ Stlth++}
  5289 | D:4      | Identified the +9 plate armour of the Forging Gods {^Drain
                  | rElec rF+}
  5487 | D:5      | Entered Level 5 of the Dungeon
  5491 | D:5      | Found an ornate altar of the Wu Jian Council.
  5541 | D:5      | Found an iron altar of Okawaru.
  5559 | D:5      | Reached skill level 6 in Necromancy
  5567 | D:5      | Gained mutation: You are surrounded by a moderate repulsion
                  | field. (EV +3) [demonic ancestry]
  5567 | D:5      | Reached XP level 7. HP: 44/52 MP: 0/12
  6687 | D:5      | Reached XP level 8. HP: 61/61 MP: 2/15
  6852 | D:6      | Found a glowing drain.
  7145 | D:6      | Found a staircase to the Ecumenical Temple.
  7156 | Temple   | Entered the Ecumenical Temple
  7188 | Temple   | Became a worshipper of Kikubaaqudgha
  7291 | D:6      | Reached skill level 7 in Necromancy
  7445 | D:6      | Reached skill level 5 in Spellcasting
  7609 | D:6      | Reached skill level 5 in Dodging
  7787 | D:6      | Found Hitegah's Assorted Antiques.
  7931 | D:6      | Found Tantaqot's Assorted Antiques.
  8363 | D:7      | Noticed Maggie
  8379 | D:7      | Killed Maggie
  8380 | D:7      | Reached skill level 5 in Fighting
  8636 | D:7      | Gained mutation: You are surrounded by a strong repulsion
                  | field. (EV +4, RMsl) [demonic ancestry]
  8636 | D:7      | Reached XP level 9. HP: 46/68 MP: 12/17
  9006 | D:7      | Noticed Jeremiah
  9835 | D:8      | Reached * piety under Kikubaaqudgha
  9835 | D:8      | Received a gift from Kikubaaqudgha
  9836 | D:8      | Reached skill level 8 in Necromancy
 11820 | D:8      | Noticed Psyche
 12076 | D:8      | Reached skill level 9 in Necromancy
 12409 | D:7      | Killed Jeremiah
 12410 | D:7      | Gained mutation: You regenerate a little health from kills.
                  | [demonic ancestry]
 12410 | D:7      | Reached XP level 10. HP: 70/79 MP: 4/20
 13512 | Abyss:2  | Cast into level 2 of the Abyss (wight)
 13577 | Abyss:2  | Noticed a wretched star
 13582 | Abyss:2  | Killed from afar by a wretched star

Illustrated notes

Levels and vault maps discovered:
D:1:      dpeg_arrival_boxes_within_box, layout_rooms, minmay_vboxes
D:2:      layout_basic, serial_shops, nicolae_shop_bloodbath_and_beyond,
          nicolae_ecumenical_snake_handling, grunt_decor_one_mirror
D:3:      layout_basic, serial_glass, glass_columns_a, glass_columns_a,
          glass_columns_a, glass_columns_a, glass_columns_c, glass_columns_a,
          kennysheep_orc_chapel
D:4:      layout_basic, minmay_ruptured
D:5:      layout_gridville, mainiacjoe_overflow_large_starburst
D:6:      layout_basic, minmay_temple_entry_sparse_star, gup_sewer_entry_glass,
          serial_shops, nicolae_shop_crystal, shop,
          chequers_serial_rivers_micro_e
D:7:      layout_loops_ring, uniq_maggie, uniq_jeremiah
D:8:      layout_gridville, serial_undead, serial_undead_d, serial_undead_d,
          serial_undead_f, serial_undead_e, nicolae_houndstooth_variations,
          uniq_psyche
Temple:   mainiacjoe_temple_cubbyholes
Abyss:2:  base: D:2, bh_abyss_negative

Skill      XL: |  1  2  3  4  5  6  7  8  9 10 |
---------------+-------------------------------+-----
Dodging        | 2 3 4 5 6 |  6.9
Stealth        | 2 |  2.0
Fighting       | 1 2 3 4 5 7 |  7.1
Necromancy     | 5 6 7 9 |  9.2
Spellcasting   | 3 4 5 6 7 |  7.0

Action                     |  1- 3 |  4- 6 |  7- 9 | 10-12 || total
---------------------------+-------+-------+-------+-------++-------
  Melee: Club              |    20 |     3 |       |       ||    23
         Hand axe          |       |    58 |   141 |       ||   199
         Tailslap          |       |    11 |    22 |     9 ||    42
         Punch             |       |       |     8 |       ||     8
         Rapier            |       |       |    57 |       ||    57
         Long sword        |       |       |    31 |       ||    31
         Trident           |       |       |       |    47 ||    47
   Cast: Necrotise         |    53 |    83 |    34 |     6 ||   176
         Vampiric Draining |       |    21 |    85 |     1 ||   107
   Stab: Distracted        |     2 |       |       |       ||     2
         Sleeping          |       |     1 |    10 |       ||    11
 Armour: Skin              |    20 |    60 |    24 |       ||   104
         Leather armour    |       |       |   181 |    23 ||   204
  Dodge: Dodged            |    52 |    80 |   318 |    41 ||   491
